 Dungeon Crawl Stone Soup version 0.24-a0-250-g6074511 (webtiles) character file.

Game seed: 17558942906293542390

6783 Ijustatesigmund the Cleaver (level 11, -13/69 HPs)
             Began as an Octopode Fighter on Apr 15, 2019.
             Was an Initiate of Cheibriados.
             Mangled by a two-headed ogre
             ... wielding a +0 giant spiked club
              (19 damage)
             ... on level 10 of the Dungeon.
             The game lasted 00:20:31 (9687 turns).

Ijustatesigmund the Cleaver (Octopode Fighter)      Turns: 9687, Time: 00:20:33

Health: -13/69     AC:  3    Str: 22      XL:     11   Next: 5%
Magic:  11/12      EV: 16    Int:  9 (10) God:    Cheibriados [......]
Gold:   572        SH: 12    Dex: 15      Spells: 10/10 levels left

rFire    + . .     SeeInvis +   C - +1 broad axe of Ytitzuis {flame, rElec rPois rC-}
rCold    x . .     Gourm    .   b - +1 shield
rNeg     . . .     Faith    .   A - +2 hat {MR+}
rPois    +         Spirit   .   (no amulet)
rElec    +         Reflect  .   o - ring of see invisible
rCorr    +         Harm     .   x - ring of wizardry
MR       +....                  E - ring of resist corrosion
Stlth    ++++......             (no ring)
HPRegen  0.21/turn              (no ring)
MPRegen  0.13/turn              (no ring)
                                (no ring)
                                (no ring)

@: mighty, very slow
A: almost no armour, stealthy swim, amphibious, 8 rings, constrict 8, camouflage
1, deterioration 1, dopey 1, fire resistance 1, frail 1, gelatinous body 1
a: Bend Time, Renounce Religion


You were on level 10 of the Dungeon.
You worshipped Cheibriados.
Cheibriados was noncommittal.
You were not hungry.

You visited 2 branches of the dungeon, and saw 12 of its levels.

You collected 572 gold pieces.

Inventory:

Hand Weapons
 a - a +1 war axe of flaming
 q - a +1 hand axe of electrocution
 C - the +1 broad axe of Ytitzuis (weapon) {flame, rElec rPois rC-}
   (You took it off an orc warrior on level 6 of the Dungeon)

   It has been specially enchanted to burn those struck by it, causing extra
   injury to most foes and up to half again as much damage against particularly
   susceptible opponents.
   Big, fiery blades are also staple armaments of hydra-hunters.
   It makes you vulnerable to cold.
   It insulates you from electricity.
   It protects you from poison.
Missiles
 J - 5 javelins of returning (quivered)
Armour
 b - a +1 shield (worn)
 A - a +2 hat of magic resistance (worn)
Jewellery
 o - a ring of see invisible (left tentacle)
 x - a ring of wizardry (right tentacle)
 E - a ring of resist corrosion (on tentacle)
Wands
 c - a wand of paralysis (3)
 m - a wand of iceblast (4)
 t - a wand of digging (5)
 y - a wand of flame (33)
 z - a wand of clouds (5)
 D - a wand of polymorph (3)
 G - a wand of enslavement (9)
Scrolls
 g - 2 scrolls of fear
 i - 2 scrolls of teleportation
 k - 3 scrolls of amnesia
 p - a scroll of enchant weapon
 v - 8 scrolls of remove curse
 w - a scroll of fog
 B - 2 scrolls of immolation
 H - a scroll of enchant armour
Potions
 e - 2 potions of cancellation
 f - a potion of flight
 h - 4 potions of brilliance
 j - 2 potions of lignification
 l - a potion of invisibility
 n - 2 potions of ambrosia
 r - a potion of might
 s - a potion of curing
 u - a potion of heal wounds {unknown}
 F - a potion of experience {unknown}
Comestibles
 d - 9 rations


   Skills:
 + Level 8.1 Fighting
 + Level 11.3 Axes
 - Level 6.8 Dodging
 - Level 4.6 Stealth
 - Level 6.9 Shields
 + Level 1.5 Invocations


You had 10 spell levels left.
You didn't know any spells.
Your spell library contained the following spells:

 Spells                   Type           Power        Failure   Level  Hunger
 Animate Skeleton         Necr           N/A          41%         1    ##.....
 Apportation              Tloc           #.....       41%         1    ##.....
 Beastly Appendage        Tmut           #.....       41%         1    ##.....
 Confusing Touch          Hex            #.....       41%         1    ##.....
 Shock                    Conj/Air       #...         41%         1    ##.....
 Summon Small Mammal      Summ           #...         41%         1    ##.....
 Call Imp                 Summ           #.......     52%         2    ###....
 Passwall                 Tmut/Erth      #.......     52%         2    ###....
 Sticks to Snakes         Tmut           #.......     52%         2    ###....
 Swiftness                Chrm/Air       #.......     52%         2    ###....
 Call Canine Familiar     Summ           #.......     77%         3    ####...
 Spider Form              Tmut/Pois      #.........   77%         3    ####...
 Summon Guardian Golem    Hex/Summ       #.......     77%         3    ####...
 Ice Form                 Ice/Tmut       #.......     98%         4    #####..
 Passage of Golubria      Tloc           N/A          98%         4    #####..
 Summon Ice Beast         Ice/Summ       #.......     98%         4    #####..
 Summon Lightning Spire   Summ/Air       #.......     98%         4    #####..
 Blade Hands              Tmut           #.........   100%        5    ######.
 Lee's Rapid Deconstruct  Erth           #.........   100%        5    ######.
 Darkness                 Hex            #.........   100%        6    #######
 Invisibility             Hex            #.......     100%        6    #######


Dungeon Overview and Level Annotations

Branches:
Dungeon (11/15)            Temple (1/1) D:7            Lair (0/6) D:11
    Orc: D:9-12

Altars:
Ashenzari
Cheibriados
Dithmenos
Elyvilon
Fedhas
Gozag
Hepliaklqana
Kikubaaqudgha
Makhleb
Nemelex Xobeh
Okawaru
Qazlal
Ru
Sif Muna
Trog
Uskayaw
Vehumet
Wu Jian
Xom
Yredelemnul
Zin
The Shining One
Beogh

Shops:
D:8 [   D:10 (


Innate Abilities, Weirdness & Mutations

You cannot wear most types of armour.
You are very stealthy in the water. (Stealth+)
You are amphibious.
You can wear up to eight rings at the same time.
You can use your tentacles to constrict eight enemies at once.
Your skin changes colour to match your surroundings (Stealth+).
Your rubbery body absorbs attacks. (AC +1, EV +1)
Your body sometimes deteriorates upon taking damage.
You are dopey. (Int -2)
Your flesh is heat resistant. (rF+)
You are frail. (-10% HP)


Message History

You slash the orc warrior! You burn the orc warrior.
You kill the orc warrior!
Cheibriados appreciates the change of pace.
You hit the two-headed ogre. You burn the two-headed ogre.
The two-headed ogre closely misses you. The two-headed ogre misses you.
You hit the two-headed ogre but do no damage.
You squeeze the two-headed ogre.
The two-headed ogre is lightly wounded.
The two-headed ogre hits you with a +0 giant spiked club!!
You block the two-headed ogre's attack.
You are too injured to fight recklessly!
You are too injured to fight recklessly!
You feel very mighty all of a sudden.
You slash the two-headed ogre! You burn the two-headed ogre.
You squeeze the two-headed ogre!!
The two-headed ogre is almost dead.
The two-headed ogre hits you with a +0 giant spiked club!!
* * * LOW HITPOINT WARNING * * *
The two-headed ogre hits you with a +0 giant club!!
You die...

# #...... .
#.....#
#....<#
#.....# ..
#.....#
....###....
......O))# #
#@##.#
##....###
#.........
#.........
#........≈
.........≈
..........≈
..........≈
...≈?....≈≈≈


You could see a two-headed ogre.

Vanquished Creatures
  A two-headed ogre (D:10)
  Pikel (D:7)
  A manticore (D:9)
  The ghost of Hylith the Cudgeler, a novice MiFi (D:6)
  A kobold demonologist (D:6)
  Grinder (D:4)
  A hornet (D:10)
  The ghost of SaintRoka the Magician, an amateur GnWz (D:7)
  A hippogriff (D:9)
  A vampire (D:11)
  A hungry ghost (D:9)
  Menkaure (D:7)
  Edmund (D:6)
  Duvessa (D:7)
  A phantom (D:4)
  5 ice beasts
  3 orc warriors
  A slave (D:7)
  A sky beast (D:7)
  An ogre (D:5)
  2 centaurs
  9 big kobolds (D:6)
  3 bullfrogs
  A water moccasin zombie (D:7)
  Dowan (D:7)
  A wyvern skeleton (D:8)
  2 scorpions
  An electric eel (D:10)
  2 crimson imps
  2 bullfrog zombies (D:9)
  7 orc priests
  2 hounds (D:4)
  A jelly (D:9)
  9 orc wizards
  Crazy Yiuf (D:7)
  A bullfrog skeleton (D:10)
  Jessica (D:3)
  2 iguanas
  3 worker ants
  2 hound skeletons
  A worker ant zombie (D:10)
  8 adders
  3 shadow imps
  An ooze (D:1)
  An adder skeleton (D:8)
  3 worms (D:3)
  A dart slug (D:2)
  3 leopard geckos
  30 orcs
  2 ball pythons
  9 bats
  7 giant cockroaches
  8 goblins
  4 hobgoblins
  10 jackals
  6 quokkas
  2 frilled lizards
  6 kobolds
  3 quokka skeletons
  5 rats
192 creatures vanquished.

Notes
Turn   | Place    | Note
-------+----------+-------------------------------------------
     0 | D:1      | Ijustatesigmund the Octopode Fighter began the quest for
                  | the Orb.
     0 | D:1      | Reached XP level 1. HP: 16/16 MP: 1/1
   231 | D:1      | Reached XP level 2. HP: 12/21 MP: 2/2
   904 | D:2      | Reached XP level 3. HP: 15/26 MP: 3/3
  1187 | D:2      | Noticed a scorpion
  1195 | D:2      | Killed a scorpion
  1195 | D:2      | Reached skill level 3 in Axes
  1195 | D:2      | Reached skill level 1 in Stealth
  1195 | D:2      | Reached XP level 4. HP: 33/33 MP: 4/4
  1583 | D:3      | Reached skill level 4 in Axes
  1585 | D:3      | Reached XP level 5. HP: 35/37 MP: 5/5
  1831 | D:3      | Found an opulent altar of Gozag.
  1833 | D:3      | Noticed Jessica
  1842 | D:3      | Killed Jessica
  1884 | D:3      | Found a shattered altar of Ashenzari.
  1932 | D:3      | Found an ancient bone altar of Kikubaaqudgha.
  1933 | D:3      | Found a blossoming altar of Fedhas.
  2224 | D:3      | Reached skill level 5 in Axes
  2224 | D:3      | Reached XP level 6. HP: 17/43 MP: 6/6
  2456 | D:3      | Found a faded altar of an unknown god.
  2846 | D:4      | Found a burning altar of Makhleb.
  3130 | D:4      | Found a glowing golden altar of the Shining One.
  3206 | D:4      | Found an iron altar of Okawaru.
  3231 | D:4      | Noticed Grinder
  3234 | D:4      | Noticed a phantom
  3238 | D:4      | Killed Grinder
  3238 | D:4      | Reached skill level 6 in Axes
  3238 | D:4      | Reached XP level 7. HP: 32/48 MP: 7/7
  3628 | D:4      | Got an encrusted trident
  3629 | D:4      | Identified the +7 trident "Aruyfo Jeita" {flame, *Contam
                  | +Rage Str+2 Dex+6} (You found it on level 4 of the Dungeon)
  3639 | D:4      | Gained mutation: You are frail. (-10% HP) [mutagenic glow]
  4042 | D:5      | Entered Level 5 of the Dungeon
  4322 | D:5      | Found a shattered altar of Ashenzari.
  4327 | D:5      | Saw a vision of the Swamp and the Snake Pit.
  4327 | D:5      | Noticed a naga sharpshooter
  4327 | D:5      | Noticed a guardian serpent
  4327 | D:5      | Noticed a salamander
  4327 | D:5      | Noticed a naga
  4327 | D:5      | Noticed a naga
  4327 | D:5      | Noticed a black mamba
  4327 | D:5      | Noticed a naga sharpshooter
  4327 | D:5      | Noticed a naga mage
  4327 | D:5      | Noticed a naga ritualist
  4327 | D:5      | Noticed a salamander
  4328 | D:5      | Noticed a naga warrior
  4369 | D:5      | Reached skill level 7 in Axes
  4423 | D:5      | Reached XP level 8. HP: 33/48 MP: 8/8
  4879 | D:6      | Noticed Edmund
  4888 | D:6      | Killed Edmund
  4909 | D:6      | Reached skill level 5 in Fighting
  5431 | D:6      | Found a deep blue altar of Sif Muna.
  5445 | D:6      | Identified Sif Muna's Guide on Weightlessness
  5682 | D:6      | Found a runed translucent gate.
  5682 | D:6      | Found a runed translucent gate.
  5682 | D:6      | Found a runed translucent gate.
  5683 | D:6      | Identified the +6 short sword "Riroewi" {venom, rF+ Int+3
                  | Stlth+}
  5685 | D:6      | Noticed Hylith's ghost (novice MiFi)
  5685 | D:6      | Noticed a kobold demonologist
  5703 | D:6      | Noticed an orange demon
  5713 | D:6      | Killed Hylith's ghost
  5713 | D:6      | Reached XP level 9. HP: 42/55 MP: 9/9
  5713 | D:6      | Reached skill level 8 in Axes
  5713 | D:6      | Reached skill level 5 in Dodging
  5713 | D:6      | Reached skill level 5 in Shields
  5715 | D:6      | Killed a kobold demonologist
  5717 | D:6      | Paralysed by a big kobold for 2 turns
  6166 | D:6      | Found a stormy altar of Qazlal.
  6280 | D:7      | Noticed Dowan
  6284 | D:7      | Noticed Duvessa
  6288 | D:7      | Killed Duvessa
  6289 | D:7      | Killed Dowan
  6310 | D:7      | Noticed Menkaure
  6313 | D:7      | Killed Menkaure
  6326 | D:7      | Noticed Pikel
  6335 | D:7      | Killed Pikel
  6335 | D:7      | Reached XP level 10. HP: 54/63 MP: 10/10
  6365 | D:7      | Found a runed translucent door.
  6366 | D:7      | Noticed Crazy Yiuf
  6373 | D:7      | Killed Crazy Yiuf
  6416 | D:7      | Reached skill level 9 in Axes
  6730 | D:7      | Found a runed translucent gate.
  6730 | D:7      | Identified the +1 broad axe of Ytitzuis {flame, rElec rPois
                  | rC-}
  6731 | D:7      | Found a runed translucent gate.
  6732 | D:7      | Found a runed translucent gate.
  6734 | D:7      | Noticed SaintRoka's ghost (amateur GnWz)
  6744 | D:7      | Found a roughly hewn altar of Beogh.
  7088 | D:7      | Found a staircase to the Ecumenical Temple.
  7129 | D:7      | Killed SaintRoka's ghost
  7697 | Temple   | Entered the Ecumenical Temple
  8280 | D:8      | Found Fofo's Antique Armour Shoppe.
  8435 | D:8      | You fall through a shaft for 3 floors!
  8482 | D:10     | Entered Level 10 of the Dungeon
  8482 | D:10     | Noticed a two-headed ogre
  8486 | D:10     | Killed a two-headed ogre
  8486 | D:10     | Reached skill level 10 in Axes
  8571 | D:9      | Found a glowing silver altar of Zin.
  8621 | D:9      | Lost mutation: You are frail. (-10% HP) [potion of
                  | mutation]
  8621 | D:9      | Gained mutation: You are frail. (-10% HP) [potion of
                  | mutation]
  8621 | D:9      | Gained mutation: Your body sometimes deteriorates upon
                  | taking damage. [potion of mutation]
  8621 | D:9      | Gained mutation: You are dopey. (Int -2) [potion of
                  | mutation]
  8621 | D:9      | Gained mutation: Your flesh is heat resistant. (rF+)
                  | [potion of mutation]
  8926 | D:9      | Noticed a manticore
  8936 | D:9      | Killed a manticore
  8936 | D:9      | Reached skill level 11 in Axes
  9172 | D:9      | Found a bloodstained altar of Trog.
  9412 | D:9      | Found a radiant altar of Vehumet.
  9412 | D:9      | Found a snail-covered altar of Cheibriados.
  9417 | D:9      | Found a sparkling altar of Nemelex Xobeh.
  9420 | D:9      | Became a worshipper of Cheibriados the Contemplative
  9602 | D:10     | Reached XP level 11. HP: 69/69 MP: 11/11
  9615 | D:10     | Found Zashriy's Weapon Shoppe.
  9619 | D:10     | Reached skill level 1 in Invocations
  9678 | D:10     | Noticed a two-headed ogre
  9687 | D:10     | Mangled by a two-headed ogre

Levels and vault maps discovered:
D:1:      lemuel_arrival_tunnels, layout_loops_ring
D:2:      layout_rooms
D:3:      layout_basic, grunt_temple_overflow_growth_and_decay,
          marbit_many_paths, lemuel_crystal_altar,
          chequers_ecumenical_altar_lobes, uniq_jessica
D:4:      layout_loops_corners, tso_altar, lightli_temple_of_fire,
          kennysheep_okawaru_gauntlet, uniq_grinder
D:5:      layout_gridville, first_ration, chequers_serial_rivers_micro_d,
          grunt_ashenzari_visionary [grunt_ashenzari_visionary_swamp,
          grunt_ashenzari_visionary_snake]
D:6:      layout_cave_pods, led_sif_book, gammafunk_ghost_nasty_kobolds,
          basic_altar, uniq_edmund
D:7:      layout_basic, minmay_temple_entry_proselytizer,
          biasface_ghost_orc_armoury, uniq_duvessa, uniq_crazy_yiuf_cottage,
          uniq_pikel, uniq_menkaure
D:8:      layout_loops_cross, serial_shops, kennysheep_mini
D:9:      layout_irregular_city, old_standard_altar, minitemple,
          overflow_temple_1_default
D:10:     layout_basic, orc_0_dummy, serial_shops, shop, shop, shop, shop
D:11:     layout_roguey, lair_entry_dummy, the_bakery, corexii_hall_statues_i,
          minivault_29
Temple:   zaba_magenta_temple

Skill      XL: |  1  2  3  4  5  6  7  8  9 10 11 |
---------------+----------------------------------+-----
Axes           | 3 4 5 6 7 8 11 | 11.3
Stealth        | 1 3 4 |  4.6
Fighting       | 4 5 7 8 |  8.1
Dodging        | 4 6 |  6.8
Shields        | 4 6 |  6.9
Invocations    | 1 |  1.5

Action                   |  1- 3 |  4- 6 |  7- 9 | 10-12 || total
-------------------------+-------+-------+-------+-------++-------
Melee: War axe           |    27 |    85 |       |       ||   112
       Constrict         |     8 |    29 |    23 |    32 ||    92
       Tentacles         |     5 |    22 |    24 |    30 ||    81
       Hand axe          |       |    16 |    95 |    51 ||   162
       Broad axe         |       |       |       |   137 ||   137
Evoke: Wand              |       |     1 |     6 |     4 ||    11
  Use: Scroll            |     6 |     3 |     4 |     9 ||    22
       Potion            |       |     1 |     2 |     5 ||     8
 Stab: Sleeping          |     3 |    18 |     3 |    11 ||    35
       Distracted        |       |     2 |     1 |     1 ||     4
  Eat: Chunk             |       |     7 |     6 |     6 ||    19
       Ration            |       |       |     1 |     2 ||     3
Armor: Skin              |       |     3 |     3 |    10 ||    16
Dodge: Dodged            |     9 |    34 |    21 |    63 ||   127
Block: Shield            |    15 |    40 |    42 |    93 ||   190

Table legend:
 A = Non-vault XP
 B = Vault XP
 C = Vault XP percentage of total XP
 D = Non-vault monster count
 E = Vault monster count
 F = Vault count percentage of total count
                 A         B        C        D         E       F
            +---------+---------+-------+---------+---------+-------
      Total |    5912 |    3778 |  39.0 |     158 |      33 |  17.3
            +---------+---------+-------+---------+---------+-------
        D:1 |      24 |       0 |   0.0 |      11 |       0 |   0.0
        D:2 |     137 |       0 |   0.0 |      17 |       0 |   0.0
        D:3 |     172 |      38 |  18.1 |      30 |       2 |   6.2
        D:4 |     317 |     281 |  47.0 |      19 |       3 |  13.6
        D:5 |     340 |       0 |   0.0 |      11 |       0 |   0.0
        D:6 |     545 |    2045 |  79.0 |      11 |      16 |  59.3
        D:7 |     701 |    1414 |  66.9 |      11 |      12 |  52.2
        D:8 |     496 |       0 |   0.0 |      16 |       0 |   0.0
        D:9 |    1423 |       0 |   0.0 |      19 |       0 |   0.0
       D:10 |    1526 |       0 |   0.0 |      11 |       0 |   0.0
       D:11 |     231 |       0 |   0.0 |       2 |       0 |   0.0
            +---------+---------+-------+---------+---------+-------
